 Dungeon Crawl Stone Soup version 0.23-a0-612-gcb482e9 (webtiles) character file.

812 tidbits the Caller (level 7, 51/51 HPs)
             Began as a Gnoll Summoner on Dec 21, 2018.
             Quit the game on level 7 of the Dungeon.
             The game lasted 00:19:12 (1872 turns).

tidbits the Caller (Gnoll Summoner)                 Turns: 1872, Time: 00:19:12

Health: 51/51      AC:  3    Str: 10    XL:     7   Next: 93%
Magic:  15/15      EV: 15    Int: 20    God:
Gold:   186        SH:  0    Dex: 15    Spells: 4/17 levels left

rFire    . . .     SeeInvis .   b - +12 glaive of Prune {chop}
rCold    . . .     Gourm    .   (shield currently unavailable)
rNeg     . . .     Faith    +   u - +0 robe
rPois    +         Spirit   .   (helmet restricted)
rElec    .         Reflect  .   C - +0 cloak
rCorr    .         Harm     .   (no gloves)
MR       .....                  (no boots)
Stlth    ++++......             r - amulet of faith
HPRegen  0.17/turn              P - ring of poison resistance
MPRegen  0.14/turn              z - ring of stealth

@: no status effects
A: distributed training, fangs 2, hooves 1, horns 2, strong nose
a: no special abilities


You were on level 7 of the Dungeon.
You were very full.

You visited 1 branch of the dungeon, and saw 8 of its levels.

You collected 186 gold pieces.

Inventory:

Hand Weapons
 a - a +0 dagger
 b - the +12 glaive of Prune (weapon) {chop}
   (You found it on level 7 of the Dungeon)

   It inflicts extra damage upon your enemies.
 c - a +0 hand crossbow
 e - a +2 trident of venom
   (You took it off an orc on level 5 of the Dungeon)
 n - a +0 short sword
 v - a +2 short sword of venom
   (You took it off Duvessa on level 4 of the Dungeon)
Missiles
 d - 76 arrows
 f - 3 tomahawks (quivered)
 k - 26 bolts
 l - 2 stones
 w - 36 sling bullets
Armour
 p - a +0 ring mail
 s - a +0 buckler
 u - a +0 robe (worn)
 C - a +0 cloak (worn)
Jewellery
 r - an amulet of faith (around neck)
   (You found it on level 3 of the Dungeon)
 z - a ring of stealth (right hand)
   (You found it on level 7 of the Dungeon)
 P - a ring of poison resistance (left hand)
   (You found it on level 4 of the Dungeon)
Wands
 y - a wand of polymorph (12)
 A - a wand of random effects (15)
Scrolls
 j - a scroll of teleportation {unknown}
 q - a scroll of enchant armour {unknown}
 t - a scroll of immolation {unknown}
 x - a scroll of noise
 B - 2 scrolls of blinking {unknown}
Potions
 g - a potion of might
 h - a potion of curing {unknown}
 i - a potion of cancellation
 m - 3 potions of flight
Comestibles
 o - 10 rations


   Skills:
 + Level 2.7 Fighting
 + Level 2.7 Short Blades
 + Level 2.7 Long Blades
 + Level 2.7 Axes
 + Level 2.7 Maces & Flails
 + Level 2.7 Polearms
 + Level 2.7 Staves
 + Level 2.7 Slings
 + Level 2.7 Bows
 + Level 2.7 Crossbows
 + Level 2.7 Throwing
 + Level 2.7 Armour
 + Level 5.4 Dodging
 + Level 5.0 Stealth
 + Level 2.7 Shields
 + Level 2.7 Unarmed Combat
 + Level 5.7 Spellcasting
 + Level 2.2 Conjurations
 + Level 2.2 Hexes
 + Level 2.2 Charms
 + Level 7.5 Summonings
 + Level 2.2 Necromancy
 + Level 2.2 Translocations
 + Level 2.2 Transmutations
 + Level 2.2 Fire Magic
 + Level 2.2 Ice Magic
 + Level 2.2 Air Magic
 + Level 2.2 Earth Magic
 + Level 2.2 Poison Magic
 + Level 3.0 Invocations
 + Level 2.7 Evocations


You had 4 spell levels left.
You knew the following spells:

 Your Spells              Type           Power        Failure   Level  Hunger
a - Summon Small Mammal   Summ           ####         1%          1    None
c - Confuse               Hex            ##......     13%         3    ##.....
f - Call Canine Familiar  Summ           #####...     1%          3    ##.....
i - Call Imp              Summ           #####...     1%          2    None
L - Summon Lightning Spi  Summ/Air       ####....     14%         4    ####...

Your spell library contained the following spells:

 Spells                   Type           Power        Failure   Level  Hunger
 Confusing Touch          Hex            ##....       4%          1    None
 Summon Guardian Golem    Hex/Summ       ####....     4%          3    ##.....
 Gell's Gravitas          Tloc           ##........   13%         3    ##.....
 Summon Ice Beast         Ice/Summ       ####....     14%         4    ####...
 Petrify                  Tmut/Erth      ##......     38%         4    ####...
 Metabolic Englaciation   Hex/Ice        ##........   75%         5    #####..
 Yara's Violent Unravell  Hex/Tmut       ##........   75%         5    #####..


Dungeon Overview and Level Annotations

Branches:
Dungeon (8/15)
 Temple: D:4-7         Lair: D:8-11

Altars:
Ashenzari
Dithmenos
Kikubaaqudgha
Nemelex Xobeh
Uskayaw
Wu Jian
Xom


Innate Abilities, Weirdness & Mutations

Your experience applies equally to all skills.
You have extremely sharp teeth.
Your uncanny sense of smell can sniff out nearby items.
You have large cloven feet.
You have a pair of horns on your head.


Message History

Wield which item (- for none, * to show all)? (? for menu, Esc to quit)
You feel pruney.
e - the +12 glaive of Prune (weapon)
{chop} Adjust (i)tems, (s)pells, or (a)bilities?
Adjust which item? (? for menu, Esc to quit)
e - the +12 glaive of Prune (weapon)
{chop} Adjust to which letter? (? for menu, Esc to quit)
b - the +12 glaive of Prune (weapon)
{chop}
e - a +2 trident of venom Unknown command.
Your magical contamination has completely faded away.
You see here an orange potion.
h - an orange potion
Found 21 arrows.
Unknown command.
Found a twisted copper wand.
Found a shimmering altar of Xom.
You see here 21 arrows.
d - 76 arrows (gained 21) Unknown command.
There is a shimmering altar of Xom here.
You see here a wand of random effects (15).
A - a wand of random effects (15)
There is a stone staircase leading up here.
You climb upwards.
Found a potion of flight and 19 gold pieces.
There is a stone staircase leading down here.
Unknown command.
Unknown command.
You see here a potion of flight.
m - 3 potions of flight (gained 1)
A bullfrog comes into view.
Found 21 gold pieces.
Unknown command.
You see here 21 gold pieces.
You now have 176 gold pieces (gained 21).
There is a stone staircase leading down here.
You climb downwards.
There is a stone staircase leading up here.
Found 2 scrolls labeled ARILIS OHAROCI.
Found a stone staircase leading down.
You see here 2 scrolls labeled ARILIS OHAROCI.
B - 2 scrolls labeled ARILIS OHAROCI Unknown command.
There is a stone staircase leading down here.
You climb downwards.
There is a stone staircase leading up here.
Unknown command.
You climb upwards.
There is a stone staircase leading down here.
Unknown command.
Casting: Summon Lightning Spire (slightly dangerous; 16% risk of failure)
Confirm with . or Enter, or press ? or * to list all spells.
Aiming: Summon Lightning Spire (slightly dangerous; 16% risk of failure)
Press: ? - help, Dir - move target cursor, f - ice beast
Aim: an ice beast
Okay, then.
Unknown command.
Casting: Summon Lightning Spire (slightly dangerous; 16% risk of failure)
Confirm with . or Enter, or press ? or * to list all spells.
Aiming: Summon Lightning Spire (slightly dangerous; 16% risk of failure)
Press: ? - help, Dir - move target cursor An electric hum fills the air.
The ice beast hits you but does no damage.
Unknown command.
You hit the ice beast. Your kick misses the ice beast.
The ice beast is lightly wounded.
The ice beast barely misses you. The ice beast hits you.
The ice beast freezes you!
You slice the ice beast!! You kick the ice beast.
You kill the ice beast!
Your Invocations skill increases to level 3!
Unknown command.
A crimson imp comes into view.
Unknown command.
The crimson imp blinks!
The crimson imp blinks!
The crimson imp blinks!
The crimson imp hits you. The crimson imp misses you.
The crimson imp lashes its tail.
The crimson imp blinks!
Casting: Summon Lightning Spire (safe; 14% risk of failure)
Confirm with . or Enter, or press ? or * to list all spells.
You don't know that spell.
Casting: Summon Lightning Spire (safe; 14% risk of failure)
Confirm with . or Enter, or press ? or * to list all spells.
Aiming: Summon Lightning Spire (safe; 14% risk of failure)
Press: ? - help, Dir - move target cursor An electric hum fills the air.
Unknown command.
The crimson imp hits you but does no damage.
Your lightning spire shoots out a bolt of lightning at the crimson imp!
The bolt of electricity hits the crimson imp.
The crimson imp dies!
Okay, then.
Found 10 gold pieces.
Found a robe.
You see here 10 gold pieces.
You now have 186 gold pieces (gained 10).
Are you sure you want to abandon this character and quit the game? (Confirm

###..........###
.............#
.............#
..........#..##
.........###..###
#.........###...#
##.........#...##
###.......###.#.##
##......### ####@#
.#.....## ######
......## ##...#
.....## #..###
....## #....#
....# #...## ...##
#..## ...# ##..#
...# #...#


There were no monsters in sight!

Vanquished Creatures
  Duvessa (D:4)
  An orc warrior (D:7)
  An ice beast (D:7)
  Dowan (D:4)
  2 hounds
  A jelly (D:3)
  2 orc wizards
  An iguana (D:6)
  2 adders
  A shadow imp (D:7)
  3 leopard geckos
  2 orcs
  3 goblins
  2 hobgoblins (D:1)
  A quokka (D:7)
  A bat (D:1)
  2 frilled lizards (D:1)
  2 kobolds
29 creatures vanquished.

Vanquished Creatures (collateral kills)
  A bullfrog (D:6)
  A scorpion (D:7)
  3 killer bees (D:7)
  A howler monkey (D:7)
  A crimson imp (D:7)
  3 orc priests
  2 orc wizards
  A hound (D:6)
  A centaur skeleton (D:6)
  A worker ant (D:7)
  A worker ant zombie (D:7)
  An adder (D:5)
  A shadow imp (D:5)
  An ooze (D:3)
  A dart slug (D:5)
  10 orcs
  4 giant cockroaches
  3 goblins
  A hobgoblin (D:1)
  4 jackals (D:6)
  A quokka (D:7)
  2 bats
  A frilled lizard (D:2)
  3 kobolds
  4 rats
53 creatures vanquished.

Grand Total: 82 creatures vanquished

Notes
Turn   | Place    | Note
-------+----------+-------------------------------------------
     0 | D:1      | tidbits the Gnoll Summoner began the quest for the Orb.
     0 | D:1      | Reached XP level 1. HP: 13/13 MP: 6/6
   148 | D:1      | Reached XP level 2. HP: 15/19 MP: 4/7
   152 | D:1      | Learned a level 2 spell: Call Imp
   320 | D:2      | Reached XP level 3. HP: 17/25 MP: 9/9
   325 | D:2      | Learned a level 3 spell: Call Canine Familiar
   351 | D:2      | Reached skill level 5 in Spellcasting
   477 | D:3      | Reached skill level 1 in Invocations
   556 | D:4      | Reached skill level 1 in Fighting
   556 | D:4      | Reached skill level 1 in Short Blades
   556 | D:4      | Reached skill level 1 in Long Blades
   556 | D:4      | Reached skill level 1 in Axes
   556 | D:4      | Reached skill level 1 in Maces & Flails
   556 | D:4      | Reached skill level 1 in Polearms
   556 | D:4      | Reached skill level 1 in Staves
   556 | D:4      | Reached skill level 1 in Slings
   556 | D:4      | Reached skill level 1 in Bows
   556 | D:4      | Reached skill level 1 in Crossbows
   556 | D:4      | Reached skill level 1 in Throwing
   556 | D:4      | Reached skill level 1 in Armour
   556 | D:4      | Reached skill level 1 in Shields
   556 | D:4      | Reached skill level 1 in Unarmed Combat
   556 | D:4      | Reached skill level 1 in Evocations
   613 | D:4      | Noticed Duvessa
   613 | D:4      | Noticed Dowan
   632 | D:4      | Killed Duvessa
   632 | D:4      | Reached skill level 1 in Conjurations
   632 | D:4      | Reached skill level 1 in Hexes
   632 | D:4      | Reached skill level 1 in Charms
   632 | D:4      | Reached skill level 1 in Necromancy
   632 | D:4      | Reached skill level 1 in Translocations
   632 | D:4      | Reached skill level 1 in Transmutations
   632 | D:4      | Reached skill level 1 in Fire Magic
   632 | D:4      | Reached skill level 1 in Ice Magic
   632 | D:4      | Reached skill level 1 in Air Magic
   632 | D:4      | Reached skill level 1 in Earth Magic
   632 | D:4      | Reached skill level 1 in Poison Magic
   632 | D:4      | Reached XP level 4. HP: 32/32 MP: 2/11
   632 | D:4      | Reached XP level 5. HP: 37/37 MP: 2/12
   657 | D:4      | Killed Dowan
   692 | D:5      | Entered Level 5 of the Dungeon
   709 | D:5      | Learned a level 4 spell: Summon Lightning Spire
   715 | D:5      | Reached XP level 6. HP: 44/44 MP: 8/13
   783 | D:5      | Found a hide-covered altar of Uskayaw.
   834 | D:5      | Reached skill level 2 in Invocations
   846 | D:5      | Found an ancient bone altar of Kikubaaqudgha.
   847 | D:5      | Found a shattered altar of Ashenzari.
   873 | D:5      | Learned a level 3 spell: Confuse
   966 | D:6      | Reached skill level 2 in Fighting
   966 | D:6      | Reached skill level 2 in Short Blades
   966 | D:6      | Reached skill level 2 in Long Blades
   966 | D:6      | Reached skill level 2 in Axes
   966 | D:6      | Reached skill level 2 in Maces & Flails
   966 | D:6      | Reached skill level 2 in Polearms
   966 | D:6      | Reached skill level 2 in Staves
   966 | D:6      | Reached skill level 2 in Slings
   966 | D:6      | Reached skill level 2 in Bows
   966 | D:6      | Reached skill level 2 in Crossbows
   966 | D:6      | Reached skill level 2 in Throwing
   966 | D:6      | Reached skill level 2 in Armour
   966 | D:6      | Reached skill level 5 in Dodging
   966 | D:6      | Reached skill level 2 in Shields
   966 | D:6      | Reached skill level 2 in Unarmed Combat
   966 | D:6      | Reached skill level 2 in Evocations
  1003 | D:6      | Gained mutation: You have large cloven feet. [potion of
                  | mutation]
  1003 | D:6      | Gained mutation: You have extremely sharp teeth. [potion of
                  | mutation]
  1003 | D:6      | Gained mutation: You have a pair of small horns on your
                  | head. [potion of mutation]
  1003 | D:6      | Gained mutation: You have a pair of horns on your head.
                  | [potion of mutation]
  1072 | D:7      | Reached XP level 7. HP: 36/50 MP: 10/15
  1201 | D:7      | Found a shadowy altar of Dithmenos.
  1221 | D:7      | Reached skill level 2 in Conjurations
  1221 | D:7      | Reached skill level 2 in Hexes
  1221 | D:7      | Reached skill level 2 in Charms
  1221 | D:7      | Reached skill level 2 in Necromancy
  1221 | D:7      | Reached skill level 2 in Translocations
  1221 | D:7      | Reached skill level 2 in Transmutations
  1221 | D:7      | Reached skill level 2 in Fire Magic
  1221 | D:7      | Reached skill level 2 in Ice Magic
  1221 | D:7      | Reached skill level 2 in Air Magic
  1221 | D:7      | Reached skill level 2 in Earth Magic
  1221 | D:7      | Reached skill level 2 in Poison Magic
  1269 | D:7      | Found a sparkling altar of Nemelex Xobeh.
  1269 | D:7      | Found an ornate altar of the Wu Jian Council.
  1334 | D:7      | Reached skill level 5 in Stealth
  1421 | D:7      | Found the +12 glaive of Prune {chop}
  1527 | D:7      | Found a shimmering altar of Xom.
  1759 | D:7      | Reached skill level 3 in Invocations
  1872 | D:7      | Quit the game

Vault maps used:
D:1:      scummos_arrival_simple_crosswalls
D:2:      lemuel_round_altar, chequers_ecumenical_altar_grove,
          minmay_worlds_worst_comb
D:3:      minmay_bubble_buster, cheibriados_altar_1, first_ration,
          minmay_misc_feat_pillars
D:4:      uniq_duvessa, uniq_grinder, uniq_menkaure
D:5:      lemuel_doored_altar, grunt_temple_overflow_open, temple_green,
          uniq_blork_the_orc
D:7:      kennysheep_little_box, xom_butterflies, gammafunk_temple_overflow_wave
D:8:      serial_shops, shop, uniq_joseph, uniq_harold

Skill      XL: |  1  2  3  4  5  6  7 |
---------------+----------------------+-----
Spellcasting   | 5 |  5.7
Invocations    | 1 2 3 |  3.0
Fighting       | 1 2 |  2.7
Short Blades   | 1 2 |  2.7
Long Blades    | 1 2 |  2.7
Axes           | 1 2 |  2.7
Maces & Flails | 1 2 |  2.7
Polearms       | 1 2 |  2.7
Staves         | 1 2 |  2.7
Slings         | 1 2 |  2.7
Bows           | 1 2 |  2.7
Crossbows      | 1 2 |  2.7
Throwing       | 1 2 |  2.7
Armour         | 1 2 |  2.7
Shields        | 1 2 |  2.7
Unarmed Combat | 1 2 |  2.7
Evocations     | 1 2 |  2.7
Conjurations   | 1 2 |  2.2
Hexes          | 1 2 |  2.2
Charms         | 1 2 |  2.2
Necromancy     | 1 2 |  2.2
Translocations | 1 2 |  2.2
Transmutations | 1 2 |  2.2
Fire Magic     | 1 2 |  2.2
Ice Magic      | 1 2 |  2.2
Air Magic      | 1 2 |  2.2
Earth Magic    | 1 2 |  2.2
Poison Magic   | 1 2 |  2.2
Dodging        | 5 |  5.4
Stealth        | 5 |  5.0
Summonings     | |  7.5

Action                   |  1- 3 |  4- 6 |  7- 9 || total
-------------------------+-------+-------+-------++-------
Melee: Dagger            |    43 |     4 |     6 ||    53
       Unarmed           |     6 |    22 |       ||    28
       Bite              |     2 |     4 |     2 ||     8
       Short sword       |       |     3 |    14 ||    17
       Trident           |       |    19 |    16 ||    35
       Kick              |       |     2 |     6 ||     8
       Headbutt          |       |     1 |     1 ||     2
       Glaive            |       |       |     2 ||     2
Throw: Tomahawk          |       |     5 |     5 ||    10
 Cast: Summon Small Mamm |    18 |       |       ||    18
       Call Imp          |     4 |       |       ||     4
       Call Canine Famil |     7 |       |       ||     7
       Summon Lightning  |       |     8 |     6 ||    14
  Use: Scroll            |     1 |     4 |     1 ||     6
       Potion            |     1 |     1 |     4 ||     6
 Stab: Sleeping          |    10 |       |     1 ||    11
       Distracted        |       |       |     1 ||     1
  Eat: Ration            |     2 |     1 |     1 ||     4
Armor: Robe              |    12 |     1 |     5 ||    18
       Skin              |     4 |    34 |    31 ||    69
Dodge: Dodged            |    53 |    26 |    23 ||   102

Table legend:
 A = Non-vault XP
 B = Vault XP
 C = Vault XP percentage of total XP
 D = Non-vault monster count
 E = Vault monster count
 F = Vault count percentage of total count
                 A         B        C        D         E       F
            +---------+---------+-------+---------+---------+-------
      Total |     995 |     166 |  14.3 |      79 |       3 |   3.7
            +---------+---------+-------+---------+---------+-------
        D:1 |      18 |       0 |   0.0 |      14 |       0 |   0.0
        D:2 |      25 |       1 |   3.8 |      10 |       1 |   9.1
        D:3 |      30 |       0 |   0.0 |       6 |       0 |   0.0
        D:4 |      52 |     165 |  76.0 |       4 |       2 |  33.3
        D:5 |      49 |       0 |   0.0 |       7 |       0 |   0.0
        D:6 |     268 |       0 |   0.0 |      17 |       0 |   0.0
        D:7 |     553 |       0 |   0.0 |      21 |       0 |   0.0
            +---------+---------+-------+---------+---------+-------

Table legend:
 A = Turns spent in this place as a percentage of turns spent in the entire game.
 B = Non-inter-level travel turns spent in this place as a percentage of non-inter-level travel turns spent in the entire game.
 C = Inter-level travel turns spent in this place as a percentage of turns spent in this place.
 D = Turns resting spent in this place as a percentage of non-inter-level travel turns spent in this place.
 E = Turns spent auto-exploring this place as a percentage of non-inter-level travel turns spent in this place.
 F = Non-inter-level travel turns spent in this place divided by the number of levels of this place that you've seen.
                   A       B       C       D       E      F
               +-------+-------+-------+-------+-------+----------------------
         Total | 100.0 | 100.0 |   2.3 |   0.0 |   0.0 | 228.6
       Dungeon | 100.0 | 100.0 |   2.3 |   0.0 |   0.0 | 228.6
               +-------+-------+-------+-------+-------+----------------------

Table legend:
 A = Kills in this place as a percentage of kills in entire the game.
 B = Kills by you in this place as a percentage of kills by you in the entire game.
 C = Kills by friends in this place as a percentage of kills by friends in the entire game.
 D = Other kills in this place as a percentage of other kills in the entire game.
 E = Experience gained in this place as a percentage of experience gained in the entire game.
 F = Experience gained in this place divided by the number of levels of this place that you have seen.
                   A       B       C       D       E      F
               +-------+-------+-------+-------+-------+----------------------
         Total | 100.0 | 100.0 | 100.0 |   N/A | 100.0 | 145.1
       Dungeon | 100.0 | 100.0 | 100.0 |   N/A | 100.0 | 145.1
               +-------+-------+-------+-------+-------+----------------------

Vault maps used:
D:1:      scummos_arrival_simple_crosswalls
D:2:      lemuel_round_altar, chequers_ecumenical_altar_grove,
          minmay_worlds_worst_comb
D:3:      minmay_bubble_buster, cheibriados_altar_1, first_ration,
          minmay_misc_feat_pillars
D:4:      uniq_duvessa, uniq_grinder, uniq_menkaure
D:5:      lemuel_doored_altar, grunt_temple_overflow_open, temple_green,
          uniq_blork_the_orc
D:7:      kennysheep_little_box, xom_butterflies, gammafunk_temple_overflow_wave
D:8:      serial_shops, shop, uniq_joseph, uniq_harold
